 Dungeon Crawl Stone Soup version 0.28-a0-1130-gc51a68064b (webtiles) character file.

Game seed: 16741131555084760255

1281 ReploidZero the Thaumaturge (level 8, 0/50 HPs)
             Began as a Djinni Fire Elementalist on Dec 13, 2021.
             Killed by divine providence
             ... invoked by an orc priest
              (11 damage)
             ... on level 6 of the Dungeon.
             The game lasted 00:13:29 (6884 turns).

ReploidZero the Thaumaturge (DjFE)                  Turns: 6884, Time: 00:13:29

Health: 0/50       AC:  3    Str:  7    XL:     8   Next: 84%
Gold:   195        EV: 12    Int: 18    God:
                   SH:  0    Dex: 15

rFire   + + .      SeeInvis .   (no weapon)
rCold   x . .      Faith    .   (no shield)
rNeg    . . .      Spirit   .   a - +1 robe
rPois   ∞          Reflect  .   (no helmet)
rElec   .          Harm     .   (no cloak)
rCorr   .          Rampage  .   (no gloves)
Will    .....                   (boots unavailable)
Stlth   ++........              (no amulet)
HPRegen 0.16/turn               (no ring)
MPRegen 0.00/turn               (no ring)

@: flying
A: sickness immunity, fire resistance 2, cold vulnerability 1, float, innate
caster, hp casting, extra vitality 1
a: no special abilities


You were on level 6 of the Dungeon.
You visited 1 branch of the dungeon, and saw 6 of its levels.

You collected 195 gold pieces.

Inventory:

Armour
 a - a +1 robe (worn)
Jewellery
 l - an amulet of faith
Wands
 g - a wand of flame (11)
 p - a wand of paralysis (5)
Scrolls
 h - 3 scrolls of immolation
 i - 4 scrolls of teleportation
 k - 3 scrolls of enchant armour
 n - a scroll of identify
Potions
 b - a potion of heal wounds {unknown}
 c - a potion of brilliance {unknown}
 d - a potion of invisibility {unknown}
 e - 3 potions of attraction
 f - a potion of might {unknown}
 j - a potion of resistance {unknown}
 m - a potion of cancellation {unknown}
 o - 2 potions of haste {unknown}


   Skills:
 - Level 2.1 Dodging
 - Level 1.5 Stealth
 + Level 8.2 Spellcasting


You had 4 spell levels left.
You knew the following spells:

 Your Spells              Type           Power      Damage    Failure   Level
a - Foxfire               Conj/Fire      100%       2x1d9     1%          1
b - Scorch                Fire           72%        2d9       1%          2
c - Conjure Flame         Conj/Fire      36%        6-21      1%          3
d - Inner Flame           Hex/Fire       36%        N/A       1%          3
e - Flame Wave            Conj/Fire      36%        2d7       3%          4
f - Freeze                Ice            100%       1d11      1%          1
g - Static Discharge      Conj/Air       36%        N/A       1%          2
h - Vampiric Draining     Necr           36%        2d8       1%          3
Your spell library was empty.

Dungeon Overview and Level Annotations

Branches:
Dungeon (6/15)
 Temple: D:4-7

Altars:
Hepliaklqana
Xom


Innate Abilities, Weirdness & Mutations

You are immune to sickness and miasma.
You are immune to poison.
Your flesh is very heat resistant. (rF++)
You are vulnerable to cold. (rC-)
You float through the air rather than walking.
You learn spells naturally, not from books.
Your magical power is your life essence.
You have superior vitality. (+4 HP)


Message History

Aiming: Inner Flame (safe; 1% risk of failure)
Press: ? - help, Dir - move target, f - orc wizard
Aim: an orc wizard, wielding a +0 dagger and wearing a +0 robe (heavily wounded, ally target, chance to affect: 88%)
The orc wizard is filled with an inner flame.
The foxfire hits the orc wizard but does no damage.
The orc wizard is heavily wounded.
Casting: Foxfire (safe; 1% risk of failure)
Press: ? - help, Q - select action, (/) - cycle Dir - look around, f - activate You conjure some foxfire!
Casting: Foxfire (safe; 1% risk of failure)
Confirm with . or Enter, or press ? or * to list all spells.
Flames lash the centaur zombie.
The centaur zombie is lightly damaged.
The centaur zombie's fire resistance burns away.
The foxfire hits the orc wizard but does no damage.
The orc wizard is heavily wounded.
The foxfire hits the centaur zombie.
The centaur zombie is burned terribly!
The centaur zombie is moderately damaged.
Casting: Scorch (safe; 1% risk of failure)
Confirm with . or Enter, or press ? or * to list all spells.
Flames lash the orc wizard.
The orc wizard explodes!
The fiery explosion engulfs you! You resist.
The fiery explosion engulfs the centaur zombie!!!
The centaur zombie is burned terribly!
You destroy the centaur zombie!
The fiery explosion engulfs the orc!!
You kill the orc!
You are engulfed in blazing flames.
You resist. The orc priest hits you with a +0 mace.
* * * LOW HITPOINT WARNING * * *
Casting: Scorch (safe; 1% risk of failure)
Confirm with . or Enter, or press ? or * to list all spells.
Flames lash the orc priest.
The orc priest is moderately wounded.
The orc priest's fire resistance burns away.
* * * LOW HITPOINT WARNING * * *
The orc priest calls down the wrath of Beogh upon you.
Beogh smites you!
You die...

#. ### ## ##.#######.
##.# #>## #...#....(.
#..## ...####..........
#...###...##..........#
....#..............)..#.
.............#..§.§=....
#.....##.....#..§§......
......##.....#..@o§.....
.....###...##...........
.<....###...............
........###.#........#..
.........##.#...###...#.
..........#..#.## ..#$.
.....##.....##.. .....
..<.####.......... ...
....####..........


You could see an orc priest (combustible).

Vanquished Creatures
  Eustachio (D:6)
  A black bear (D:5)
  An ice beast (D:4)
  An ogre (D:5)
  A phantom (D:5)
  A bullfrog (D:6)
  A scorpion (D:4)
  A water moccasin skeleton (D:4)
  A wyvern skeleton (D:5)
  A howler monkey (D:4)
  A centaur zombie (D:6)
  A jelly (D:5)
  2 hounds
  An orc priest (D:6)
  Terence (D:2)
  2 iguanas
  Natasha (thrice) (D:2)
  An orc wizard (D:6)
  A hound skeleton (D:4)
  8 gnolls
  4 adders
  An ufetubus (D:5)
  4 worms
  A dart slug (D:2)
  2 orcs
  8 ball pythons
  7 endoplasms
  5 giant cockroaches
  10 goblins
  7 hobgoblins
  2 jackals (D:2)
  5 quokkas
  3 bats
  3 kobolds
  4 rats
97 creatures vanquished.

Vanquished Creatures (others)
  241 foxfires
241 creatures vanquished.

Grand Total: 338 creatures vanquished

Notes
Turn   | Place    | Note
-------+----------+-------------------------------------------
     0 | D:1      | ReploidZero the Djinni Fire Elementalist began the quest
                  | for the Orb.
     0 | D:1      | Reached XP level 1. HP: 15/15 MP: 0/0
   353 | D:1      | Reached XP level 2. HP: 17/21 MP: 0/0
   838 | D:1      | Reached skill level 3 in Spellcasting
  1045 | D:2      | Noticed Natasha
  1047 | D:2      | Noticed a crimson imp
  1048 | D:2      | Reached XP level 3. HP: 21/25 MP: 0/0
  1048 | D:2      | Learned a level 1 spell: Freeze
  1206 | D:2      | Killed Natasha
  1207 | D:2      | Reached XP level 4. HP: 17/31 MP: 0/0
  1253 | D:2      | Noticed Natasha
  1441 | D:2      | Killed Natasha
  1649 | D:2      | Noticed Natasha
  1653 | D:2      | Killed Natasha
  1654 | D:2      | Reached skill level 4 in Spellcasting
  1654 | D:2      | Reached XP level 5. HP: 18/35 MP: 0/0
  1654 | D:2      | Learned a level 2 spell: Static Discharge
  1762 | D:2      | Noticed Terence
  1787 | D:2      | Killed Terence
  2941 | D:3      | Reached XP level 6. HP: 38/40 MP: 0/0
  3369 | D:3      | Reached skill level 5 in Spellcasting
  3924 | D:3      | Found a faded altar of an unknown god.
  4362 | D:4      | Reached XP level 7. HP: 32/45 MP: 0/0
  4362 | D:4      | Learned a level 3 spell: Vampiric Draining
  4761 | D:4      | Reached skill level 6 in Spellcasting
  5264 | D:5      | Entered Level 5 of the Dungeon
  5330 | D:5      | Found a hazy altar of Hepliaklqana.
  5331 | D:5      | Found a shimmering altar of Xom.
  5332 | D:5      | Noticed a spectral ugly thing
  5613 | D:5      | Reached skill level 7 in Spellcasting
  5613 | D:5      | Reached XP level 8. HP: 44/50 MP: 0/0
  6188 | D:5      | Identified the +1 ring mail "Qekuhoar" {Regen+ Slay+5}
  6759 | D:6      | Noticed Eustachio
  6767 | D:6      | Killed Eustachio
  6844 | D:6      | Reached skill level 8 in Spellcasting
  6884 | D:6      | Killed from afar by an orc priest

Illustrated notes

Levels and vault maps discovered:
D:1:      lightli_arrival_windingriver, layout_basic
D:2:      layout_loops_cross, uniq_natasha, uniq_terence
D:3:      layout_basic, hellmonk_ecumenical_altar_pennies_from_heaven
D:4:      layout_basic, minmay_misc_feat_plants, fountainhead, minivault_24,
          grunt_ministairs_13
D:5:      layout_basic, regret_index_temple_of_mockery, gup_sewer_entry_spiral,
          kennysheep_another_room
D:6:      layout_cave_pools, minmay_temple_entry_mini_moons,
          gammafunk_ghost_grave, minmay_increasing_density, uniq_eustachio

Skill      XL: |  1  2  3  4  5  6  7  8 |
---------------+-------------------------+-----
Spellcasting   | 3 4 5 7 8 |  8.2
Dodging        | |  2.1
Stealth        | |  1.5

Action                   |  1- 3 |  4- 6 |  7- 9 || total
-------------------------+-------+-------+-------++-------
Melee: Unarmed           |     2 |     3 |       ||     5
 Cast: Foxfire           |    45 |    39 |    57 ||   141
       Freeze            |     4 |     4 |     3 ||    11
       Scorch            |       |    48 |    35 ||    83
       Inner Flame       |       |     3 |     1 ||     4
       Static Discharge  |       |     2 |       ||     2
Evoke: Wand              |       |       |     1 ||     1
  Use: Scroll            |       |     2 |     5 ||     7
Armor: Robe              |     1 |     3 |       ||     4
Dodge: Dodged            |     4 |    10 |     1 ||    15

Table legend: (Time is in decaauts)
 A = Elapsed time spent in this place.
 B = Non-inter-level travel time spent in this place.
 C = Inter-level travel time spent in this place.
 D = Time resting spent in this place.
 E = Time spent auto-exploring this place.
 F = Levels seen in this place.
 G = Mean time per level.
                   A        B        C        D        E       F      G
               +--------+--------+--------+--------+--------+-----+--------+
         Total |   6885 |   6625 |    260 |      0 |   5978 |   6 | 1147.5 |
       Dungeon |   6885 |   6625 |    260 |      0 |   5978 |   6 | 1147.5 |
               +--------+--------+--------+--------+--------+-----+--------+

Top non-repeatable levels by time:
     D:2: 1581 daAuts
     D:5: 1451 daAuts
     D:1: 1297 daAuts
     D:3: 1290 daAuts
     D:4: 1096 daAuts
     D:6: 167 daAuts
